 Dungeon Crawl Stone Soup version 0.32-a0-22-g6ae6769602 (webtiles) character file.

Game seed: 14910151056764510183

58 PriceMaster the Firebug (level 4, 0/27 HPs)
             Began as an Octopode Fire Elementalist on Jan 19, 2024.
             Slain by an orc
             ... wielding a +0 club
              (2 damage)
             ... on level 3 of the Dungeon.
             The game lasted 00:03:31 (2250 turns).

PriceMaster the Firebug (OpFE)                      Turns: 2250, Time: 00:03:32

Health: 0/27       AC:  1    Str:  7    XL:     4   Next: 2%
Magic:  6/16       EV: 13    Int: 19    God:
Gold:   127        SH:  0    Dex: 12    Spells: 7/8 levels left

rFire   + . .        (no weapon)
rCold   + . .        (no shield)
rNeg    . . .        (helmet restricted)
rPois   +            (no amulet)
rElec   +            c - ring of magical power
rCorr   +            h - ring of flight
SInv    .            (no ring)
Will    .....        (no ring)
Stlth   +++          (no ring)
HPRegen 0.24/turn    (no ring)
MPRegen 0.15/turn    (no ring)
                     (no ring)

%: no passive effects
@: resistant, flying
A: almost no armour, amphibious, 8 rings, camouflage 1, gelatinous body 1,
(nimble swimmer 1), tentacles
a: no special abilities


You were on level 3 of the Dungeon.
You visited 1 branch of the dungeon, and saw 3 of its levels.

You collected 127 gold pieces.

Inventory:

Jewellery
 c - a ring of magical power (left tentacle)
 h - a ring of flight (right tentacle)
Scrolls
 b - 4 scrolls of teleportation {unknown}
 d - a scroll of noise {unknown}
 f - a scroll of revelation {unknown}
 i - a scroll of identify {unknown}
 k - a scroll of poison {unknown}
Potions
 a - a potion of magic
 e - a potion of berserk rage {unknown}
 j - a potion of brilliance {unknown}
 l - a potion of enlightenment {unknown}
 m - a potion of degeneration {unknown}


   Skills:
 + Level 0.1 Fighting
 + Level 2.2 Dodging
 + Level 3.3 Stealth
 + Level 0.5 Unarmed Combat
 + Level 2.5 Spellcasting
 + Level 1.3 Conjurations
 + Level 3.7 Fire Magic


You had 7 spell levels left.
You knew the following spells:

 Your Spells              Type           Power      Damage    Failure   Level
a - Foxfire               Conj/Fire      48%        2x1d6     5%          1

Your spell library contained the following spells:

 Spells                   Type           Power      Damage    Failure   Level
 Scorch                   Fire           32%        2d6       5%          2
 Slow                     Hex            8%         N/A       16%         1
 Inner Flame              Hex/Fire       9%         N/A       22%         3
 Volatile Blastmotes      Fire/Tloc      18%        2d11      22%         3
 Confusing Touch          Hex            2%         N/A       43%         3
 Sigil of Binding         Hex            2%         N/A       43%         3
 Vampiric Draining        Necr           2%         2d6       43%         3
 Flame Wave               Conj/Fire      12%        2d6       50%         4
 Irradiate                Conj/Alch      2%         3d12      98%         5
 Ignition                 Fire           8%         3d5       100%        8


Dungeon Overview and Level Annotations

Branches:
Dungeon (3/15)

Altars:
Yredelemnul

Shops:
D:3 [


Innate Abilities, Weirdness & Mutations

You cannot wear most types of armour.
You are amphibious.
You can wear up to eight rings at the same time.
Your skin changes colour to match your surroundings (Stealth+).
Your rubbery body absorbs attacks. (AC +1, EV +1)
((You are camouflaged when in or above water. (Stealth+)))
You have tentacles for arms and can constrict up to eight enemies at once.


Message History

Your foxfire dissipates!
The foxfire hits the orc but does no damage.
The orc is heavily wounded.
The jackal closely misses you. The jackal closely misses you.
Casting: Foxfire (safe; 6% risk of failure)
Confirm with . or Enter, or press ? or * to list all spells.
You conjure some foxfire!
The jackal bites you.
Your foxfire dissipates!
The foxfire hits the jackal.
You kill the jackal!
Casting: Foxfire (safe; 5% risk of failure)
Confirm with . or Enter, or press ? or * to list all spells.
You conjure some foxfire!
Casting: Foxfire (safe; 5% risk of failure)
Confirm with . or Enter, or press ? or * to list all spells.
There is not enough space to conjure foxfire!
Your foxfire dissipates!
The foxfire hits the orc but does no damage.
The orc is heavily wounded.
The orc misses you. The orc attacks as it pursues you!
The orc hits you with a +0 club.
* * * LOW HITPOINT WARNING * * *
Casting: Foxfire (safe; 5% risk of failure)
Confirm with . or Enter, or press ? or * to list all spells.
You conjure some foxfire!
The orc hits you with a +0 club.
* * * LOW HITPOINT WARNING * * *
Okay, then.
Your foxfire dissipates!
The foxfire hits the orc but does no damage.
The orc is heavily wounded.
The orc attacks as it pursues you! The orc barely misses you.
Okay, then.
Okay, then.
It was a potion of resistance.
You feel protected. The orc hits you with a +0 club.
* * * LOW HITPOINT WARNING * * *
The orc attacks as it pursues you! The orc hits you with a +0 club.
You die...

. ######..#...##.#.##.####
# ###...####.#.#..# #
##......###.#...## #
##..####..##.##..#
#####..## ##..#.##..##
.†....## ##....>...#####
.###### #....###.)...# ##
#########...## #####.#
######.........o@.#######.#
.#.....#####.#.........##.#
...##### #.#########..#∩#
....########....†######...#
###........#..#.....# ###.#
########.#..#.###..# #.#
#.##.#.. ..# ... #..#.##..
. #.## ####..#.. ... #.#


You could see an orc.

Vanquished Creatures
  3 dart slugs
  An endoplasm (D:1)
  2 giant cockroaches (D:1)
  5 goblins
  7 hobgoblins
  A jackal (D:3)
  4 kobolds
  4 quokkas
  2 ball pythons
  10 bats
  2 frilled lizards (D:2)
  6 rats
47 creatures vanquished.

Vanquished Creatures (others)
  98 foxfires
98 creatures vanquished.

Grand Total: 145 creatures vanquished

Notes
Turn   | Place    | Note
-------+----------+-------------------------------------------
     0 | D:1      | PriceMaster the Octopode Fire Elementalist began the quest
                  | for the Orb.
     0 | D:1      | Reached XP level 1. HP: 11/11 MP: 3/3
   415 | D:1      | Reached XP level 2. HP: 17/17 MP: 5/5
   801 | D:1      | Reached XP level 3. HP: 21/21 MP: 2/6
  1920 | D:3      | Found Panoes's Armour Boutique.
  1994 | D:3      | Found a basalt altar of Yredelemnul.
  2234 | D:3      | Reached XP level 4. HP: 14/27 MP: 7/7
  2250 | D:3      | Slain by an orc

Illustrated notes

Levels and vault maps discovered:
D:1:      erik_arrival_blinker_ship, layout_basic
D:2:      layout_loops_ring, minmay_fractal_squares_5
D:3:      minmay_evil_eye, layout_rooms, elyvilon_altar_4,
          general_overflow_altar, nicolae_overflow_crystal_walls, serial_shops,
          shop

Skill      XL: |  1  2 |
---------------+-------+-----
Stealth        | 3 |  3.3
Fighting       | |  0.1
Dodging        | |  2.2
Unarmed Combat | |  0.5
Spellcasting   | |  2.5
Conjurations   | |  1.3
Fire Magic     | |  3.7

Action                     |  1- 3 |  4- 6 || total
---------------------------+-------+-------++-------
  Melee: Unarmed           |    76 |       ||    76
         Constrict         |    24 |       ||    24
         Tentacles         |    10 |       ||    10
   Cast: Foxfire           |    66 |     6 ||    72
    Use: Potion            |       |     1 ||     1
   Stab: Sleeping          |     2 |       ||     2
 Armour: Skin              |    33 |     7 ||    40
  Dodge: Dodged            |    72 |    12 ||    84

Table legend: (Time is in decaauts)
 A = Elapsed time spent in this place.
 B = Non-inter-level travel time spent in this place.
 C = Inter-level travel time spent in this place.
 D = Time resting spent in this place.
 E = Time spent auto-exploring this place.
 F = Levels seen in this place.
 G = Mean time per level.
                   A        B        C        D        E       F      G
               +--------+--------+--------+--------+--------+-----+--------+
         Total |   2248 |   2174 |     74 |      0 |   1842 |   3 |  749.3 |
       Dungeon |   2248 |   2174 |     74 |      0 |   1842 |   3 |  749.3 |
               +--------+--------+--------+--------+--------+-----+--------+

Top non-repeatable levels by time:
     D:1: 971 daAuts
     D:2: 839 daAuts
     D:3: 437 daAuts
